 Dungeon Crawl Stone Soup version 0.31-a0-210-gccc998df9b (webtiles) character file.

Game seed: 18128010621066229211

737 qw the Skirmisher (level 7, -2/59 HPs)
             Began as a Minotaur Hexslinger on June 29, 2023.
             Was an Initiate of Okawaru.
             Slain by an ogre
             ... wielding a +0 giant club
              (21 damage)
             ... on level 5 of the Dungeon.
             The game lasted 00:01:40 (3506 turns).

qw the Skirmisher (Minotaur Hexslinger)             Turns: 3506, Time: 00:01:40

Health: -2/59      AC: 13    Str: 13    XL:     7   Next: 46%
Magic:  7/7        EV: 11    Int: 10    God:    Okawaru [......]
Gold:   204        SH:  0    Dex: 14    Spells: 7/8 levels left

rFire   + . .        Y - +1 sling
rCold   . . .        (no shield)
rNeg    . . .        g - +0 ring mail
rPois   .            (helmet restricted)
rElec   .            f - +1 cloak
rCorr   .            (no gloves)
SInv    .            (no boots)
Will    .....        (no amulet)
Stlth   +            b - +4 ring of protection
HPRegen 0.29/turn    (no ring)
MPRegen 0.10/turn

%: no passive effects
@: no status effects
A: horns 2, retaliatory headbutt, iridescent scales 1, fire resistance 1
a: Renounce Religion


You were on level 5 of the Dungeon.
You worshipped Okawaru.
Okawaru was noncommittal.
You visited 1 branch of the dungeon, and saw 5 of its levels.

You collected 204 gold pieces.


Innate Abilities, Weirdness & Mutations

You have a pair of horns on your head.
You reflexively headbutt those who attack you in melee.
You are partially covered in iridescent scales. (AC +2)
Your flesh is heat resistant. (rF+)


   Skills:
 + Level 4.1 Fighting
 - Level 8.0 Ranged Weapons
 - Level 1.0 Armour
 - Level 2.1 Dodging
 - Level 1.0 Spellcasting
 - Level 2.0 Hexes
 - Level 2.1 Invocations


You had 7 spell levels left.
You knew the following spells:

 Your Spells              Type           Power      Damage    Failure   Level
a - Slow                  Hex            16%        N/A       32%         1

Your spell library contained the following spells:

 Spells                   Type           Power      Damage    Failure   Level
 Inner Flame              Hex/Fire       2%         N/A       82%         3
 Portal Projectile        Hex/Tloc       4%         N/A       82%         3
 Cause Fear               Hex            2%         N/A       97%         4

Inventory:

Hand Weapons
 Y - a +1 sling (weapon)
Armour
 f - a +1 cloak (worn)
 g - a +0 ring mail (worn)
Jewellery
 b - a +4 ring of protection (left hand)
Scrolls
 a - a scroll of identify
 m - a scroll of summoning {unknown}
Potions
 d - a potion of enlightenment
 e - a potion of magic
 h - a potion of resistance {unknown}
 i - a potion of lignification {unknown}
 j - a potion of curing {unknown}
 k - a potion of brilliance {unknown}
 l - a potion of attraction {unknown}

Dungeon Overview and Level Annotations

Branches:
Dungeon (5/15)             Temple (0/1) D:4

Altars:
Hepliaklqana
Okawaru
Qazlal
Ru
Trog


Message History

You hear the hiss of an avalanche of sand nearby.
You now have 204 gold pieces (gained 15).
An ogre comes into view. It is wielding a +0 giant club.
The ogre shouts!
Enter note:
Enter note: You shoot a sling bullet.
The sling bullet closely misses the ogre.
You shoot a sling bullet.
The sling bullet barely misses the ogre.
The ogre hits you with a +0 giant club.
You shoot a sling bullet.
The sling bullet barely misses the ogre.
You shoot a sling bullet.
The sling bullet barely misses the ogre.
The ogre hits you with a +0 giant club!!
You shoot a sling bullet. The sling bullet hits the ogre.
The ogre is lightly wounded.
The ogre closely misses you.
You shoot a sling bullet. The sling bullet hits the ogre!
The ogre is moderately wounded.
The ogre hits you with a +0 giant club!
3501 ||| DRINKING potion of heal wounds.
You feel much better.
You shoot a sling bullet. The sling bullet hits the ogre.
The ogre is heavily wounded.
The ogre hits you with a +0 giant club.
You shoot a sling bullet. The sling bullet hits the ogre.
The ogre is severely wounded.
The ogre hits you with a +0 giant club!
You shoot a sling bullet.
The sling bullet hits the ogre but does no damage.
The ogre is severely wounded.
You shoot a sling bullet.
The sling bullet barely misses the ogre.
The ogre completely misses you.
You shoot a sling bullet. The sling bullet hits the ogre!
The ogre is almost dead.
The ogre hits you with a +0 giant club!!
You die...

#.#..##.#
#.#...#.#
#.#####.#######
#.............#
#######.#####.#
#.# #.# #.# #@#
#.O.....#
#########


You could see an ogre.

Vanquished Creatures
  Eustachio (D:4)
  A black bear (D:5)
  2 phantoms
  A howler monkey (D:4)
  A jelly (D:4)
  A hound (D:4)
  An orc priest (D:5)
  A sleepcap (D:4)
  2 iguanas (D:4)
  An orc wizard (D:3)
  2 adders (D:4)
  A white imp (D:5)
  3 worms
  A dart slug (D:2)
  6 orcs
  5 bats
  7 endoplasms
  4 giant cockroaches
  2 goblins
  3 hobgoblins (D:4)
  9 jackals
  6 quokkas
  13 ball pythons
  5 frilled lizards
  6 kobolds
  A rat (D:1)
86 creatures vanquished.

Notes
Turn   | Place    | Note
-------+----------+-------------------------------------------
     0 | D:1      | qw the Minotaur Hexslinger began the quest for the Orb.
     0 | D:1      | Reached XP level 1. HP: 16/16 MP: 1/1
     0 | D:1      | 0 ||| qw: Version: 0.3-a-24-g62f9e04
     0 | D:1      | 0 ||| qw: Game counter: 6668
     0 | D:1      | 0 ||| qw: Melee chars always use a shield: true
     0 | D:1      | 0 ||| qw: God list: Okawaru
     0 | D:1      | 0 ||| qw: Allow faded altars: false
     0 | D:1      | 0 ||| qw: Do Orc after clearing Dungeon:15 true
     0 | D:1      | 0 ||| qw: Do second Lair branch before Depths: true
     0 | D:1      | 0 ||| qw: Lair rune preference: random
     0 | D:1      | 0 ||| qw: Goals: Normal
     0 | D:1      | 0 ||| PLANNING D:1-11
   116 | D:1      | Reached skill level 3 in Ranged Weapons
   125 | D:1      | Reached XP level 2. HP: 23/23 MP: 2/2
   624 | D:1      | 624 ||| UPGRADING to +1 cloak.
   629 | D:1      | 629 ||| READING 2 scrolls labelled HETYUG CYEKKOUK.
   630 | D:1      | 630 ||| DROPPING scroll of poison.
   789 | D:2      | Found a hazy altar of Hepliaklqana.
   797 | D:2      | Identified the +6 mace "Bogagedausch" {freeze, rF- Dex+6}
   806 | D:2      | Reached XP level 3. HP: 29/29 MP: 3/3
  1253 | D:2      | 1253 ||| UPGRADING to +0 ring mail.
  1263 | D:2      | 1263 ||| DROPPING +0 robe.
  1264 | D:2      | 1264 ||| UPGRADING to +4 ring of protection.
  1265 | D:2      | 1265 ||| READING scroll labelled QAONTE GEIM.
  1270 | D:2      | 1270 ||| DRINKING 2 metallic dark potions.
  1270 | D:2      | Gained mutation: You occasionally lose the ability to drink
                  | potions when taking damage. [potion of mutation]
  1270 | D:2      | Gained mutation: Your flesh is cold resistant. (rC+)
                  | [potion of mutation]
  1271 | D:2      | 1271 ||| DRINKING potion of mutation.
  1271 | D:2      | Lost mutation: Your flesh is cold resistant. (rC+) [potion
                  | of mutation]
  1271 | D:2      | Lost mutation: You occasionally lose the ability to drink
                  | potions when taking damage. [potion of mutation]
  1271 | D:2      | Gained mutation: You are partially covered in iridescent
                  | scales. (AC +2) [potion of mutation]
  1271 | D:2      | Gained mutation: Your flesh is heat resistant. (rF+)
                  | [potion of mutation]
  1272 | D:2      | 1272 ||| READING 2 scrolls of identify.
  1272 | D:2      | 1272 ||| IDENTIFYING gluggy clear potion
  1309 | D:3      | Found a sacrificial altar of Ru.
  1360 | D:3      | Reached skill level 4 in Ranged Weapons
  1550 | D:3      | Reached skill level 1 in Armour
  1750 | D:3      | Found an iron altar of Okawaru.
  1751 | D:3      | 1751 ||| PLANNING OKAWARU WORSHIP
  1751 | D:3      | 1751 ||| READING scroll labelled QUOWEE TESCH.
  1759 | D:3      | Became a worshipper of Warmaster Okawaru
  1760 | D:3      | 1760 ||| PLANNING D:1-11
  2116 | D:3      | Found a bloodstained altar of Trog.
  2120 | D:3      | 2120 ||| DRINKING 2 cyan potions.
  2168 | D:4      | Noticed a phantom
  2179 | D:4      | Killed a phantom
  2180 | D:4      | Reached skill level 5 in Ranged Weapons
  2180 | D:4      | Reached XP level 4. HP: 36/36 MP: 4/4
  2183 | D:4      | Reached XP level 5. HP: 41/41 MP: 5/5
  2189 | D:4      | Found a hazy altar of Hepliaklqana.
  2353 | D:4      | Found a stormy altar of Qazlal.
  2396 | D:4      | Reached skill level 3 in Fighting
  2488 | D:4      | 2488 ||| FLEEEEING.
  2489 | D:4      | 2489 ||| FLEEEEING.
  2490 | D:4      | 2490 ||| FLEEEEING.
  2491 | D:4      | 2491 ||| FLEEEEING.
  2492 | D:4      | 2492 ||| FLEEEEING.
  2493 | D:4      | 2493 ||| FLEEEEING.
  2494 | D:4      | 2494 ||| FLEEEEING.
  2503 | D:4      | 2503 ||| STAIRDANCE
  2535 | D:4      | 2535 ||| STAIRDANCE
  2640 | D:4      | Reached * piety under Okawaru
  2641 | D:4      | Reached skill level 6 in Ranged Weapons
  2778 | D:4      | 2778 ||| INVOKING Heroism.
  2784 | D:4      | Reached XP level 6. HP: 51/51 MP: 3/6
  2973 | D:4      | Found a staircase to the Ecumenical Temple.
  2973 | D:4      | Noticed Eustachio
  2974 | D:4      | 2974 ||| INVOKING Heroism.
  2993 | D:4      | 2993 ||| FLEEEEING.
  3005 | D:4      | Killed Eustachio
  3006 | D:4      | Reached skill level 7 in Ranged Weapons
  3186 | D:4      | Reached skill level 1 in Invocations
  3186 | D:4      | Reached XP level 7. HP: 53/59 MP: 7/7
  3205 | D:4      | 3205 ||| READING scroll labelled YSSURE GOAFO.
  3206 | D:4      | 3206 ||| READING 2 scrolls of identify.
  3206 | D:4      | 3206 ||| IDENTIFYING golden potion
  3216 | D:5      | Entered Level 5 of the Dungeon
  3217 | D:5      | 3217 ||| PLANNING OSSUARY
  3271 | D:5      | 3271 ||| INVOKING Heroism.
  3272 | D:5      | 3272 ||| Stepping ~*~*~tactically~*~*~ (outnumbered).
  3287 | D:5      | 3287 ||| INVOKING Heroism.
  3303 | D:5      | 3303 ||| INVOKING Heroism.
  3388 | D:5      | 3388 ||| INVOKING Heroism.
  3398 | D:5      | Reached skill level 8 in Ranged Weapons
  3500 | D:5      | HP: 12/59 [ogre/+0 giant club (14)]
  3501 | D:5      | 3501 ||| DRINKING potion of heal wounds.
  3506 | D:5      | Slain by an ogre

Levels and vault maps discovered:
D:1:      dpeg_arrival_simpleton_b, layout_loops_ring
D:2:      layout_rooms, basic_altar, small_statue_intersection,
          chequers_serial_rivers_small_3
D:3:      layout_loops_corners, marbit_many_paths, okawaru_ov_weapons_minmay,
          mainiacjoe_overflow_paths
D:4:      layout_basic, nicolae_hepliaklqana_hazy_memory,
          mainiacjoe_overflow_catwalk, temple_hall, eino_curves_03,
          kennysheep_generic_room_7, uniq_eustachio
D:5:      wad_lake_hut, layout_basic, mainiacjoe_overflow_two_lobes,
          chequers_ossuary_entry_cave, uniq_prince_ribbit1, uniq_ijyb,
          uniq_menkaure

Skill      XL: |  1  2  3  4  5  6  7 |
---------------+----------------------+-----
Ranged Weapons | 3 5 6 7 8 |  8.0
Fighting       | 2 3 4 |  4.1
Armour         | 1 |  1.0
Invocations    | 1 2 |  2.1
Dodging        | |  2.1
Spellcasting   | |  1.0
Hexes          | |  2.0

Action                     |  1- 3 |  4- 6 |  7- 9 || total
---------------------------+-------+-------+-------++-------
   Fire: Sling             |   152 |   176 |    68 ||   396
 Invoke: Heroism           |       |     2 |     4 ||     6
    Use: Scroll            |     4 |       |     2 ||     6
         Potion            |     3 |       |     1 ||     4
 Armour: Robe              |     8 |       |       ||     8
         Ring mail         |     8 |    49 |    22 ||    79
  Dodge: Dodged            |    50 |    42 |    33 ||   125

Table legend:
 A = Non-vault XP
 B = Vault XP
 C = Vault XP percentage of total XP
 D = Non-vault monster count
 E = Vault monster count
 F = Vault count percentage of total count
                 A         B        C        D         E       F
            +---------+---------+-------+---------+---------+-------
      Total |     846 |     207 |  19.7 |      81 |       5 |   5.8
            +---------+---------+-------+---------+---------+-------
        D:1 |      30 |       0 |   0.0 |      21 |       0 |   0.0
        D:2 |      32 |       0 |   0.0 |      18 |       0 |   0.0
        D:3 |      58 |       2 |   3.3 |      11 |       1 |   8.3
        D:4 |     427 |     205 |  32.4 |      23 |       4 |  14.8
        D:5 |     299 |       0 |   0.0 |       8 |       0 |   0.0
            +---------+---------+-------+---------+---------+-------
